 Dungeon Crawl Stone Soup version 0.31-a0-524-g2a164cf6a2 (webtiles) character file.

Game seed: 12538182388776594397

22 Gargoyl the Trooper (level 2, 0/19 HPs)
             Began as a Gargoyle Berserker on Aug 12, 2023.
             Was a Follower of Trog.
             Slain by a gnoll
             ... wielding a +4 flail
              (8 damage)
             ... on level 1 of the Dungeon.
             The game lasted 00:00:33 (224 turns).

Gargoyl the Trooper (Gargoyle Berserker)             Turns: 224, Time: 00:00:34

Health: 0/19       AC:  5    Str: 20    XL:     2   Next: 91%
Magic:  2/2        EV:  9    Int:  7    God:    Trog [*.....]
Gold:   21         SH:  0    Dex:  9    Spells: 1/1 levels left

rFire   . . .        a - +0 hand axe
rCold   . . .        (no shield)
rNeg    + . .        b - +0 animal skin
rPois   ∞            (no helmet)
rElec   +            (no cloak)
rCorr   .            (no gloves)
SInv    .            (no boots)
Will    .....        (no amulet)
Stlth   +            (no ring)
HPRegen 0.23/turn    (no ring)
MPRegen 0.08/turn

%: no passive effects
@: constricted
A: sickness immunity, AC +2, negative energy resistance 1, electricity
resistance, torment resistance 1, petrification resistance
a: Renounce Religion, Berserk


You were on level 1 of the Dungeon.
You worshipped Trog.
Trog was aware of your devotion.
You visited 1 branch of the dungeon, and saw 1 of its levels.

You collected 21 gold pieces.

Inventory:

Hand Weapons
 a - a +0 hand axe (weapon)
Armour
 b - a +0 animal skin (worn)
Scrolls
 d - a scroll of teleportation
Potions
 c - a potion of brilliance {unknown}


   Skills:
 + Level 3.6 Fighting
 + Level 3.1 Axes
 + Level 2.3 Armour
 + Level 2.0 Dodging


You had one spell level left.
You didn't know any spells.
Your spell library was empty.

Dungeon Overview and Level Annotations

Branches:
Dungeon (1/15)

Altars:


Innate Abilities, Weirdness & Mutations

You are immune to sickness and miasma.
Your stone body is resilient. (AC +2)
You are immune to poison.
You resist negative energy. (rN+)
You are resistant to electric shocks. (rElec)
You are resistant to unholy torment.
You are immune to petrification.


Message History

You closely miss the bat. The bat hits you but does no damage.
You hit the bat.
The bat is moderately wounded.
The bat barely misses you. The bat closely misses you.
The bat hits you but does no damage.
You hit the bat.
You kill the bat!
Trog accepts your kill.
You see here a rat corpse.
You now have 21 gold pieces (gained 8).
A ball python comes into view.
The ball python hisses angrily.
A ball python is nearby!
A ball python is nearby!
You hit the ball python.
You kill the ball python!
Trog accepts your kill.
Your Dodging skill increases to level 2!
A ball python and a gnoll come into view.
The gnoll shouts!
A ball python comes into view.
A rat comes into view.
The ball python moves out of view.
You see here a ball python corpse.
Found an orange potion.
The ball python hisses angrily.
You closely miss the gnoll.
The ball python hisses angrily.
The gnoll hits you with a +4 flail.
The ball python bites you but does no damage.
The ball python barely misses you.
You hit the gnoll but do no damage. You barely miss the ball python.
The gnoll completely misses you. The ball python barely misses you.
The ball python grabs you. The ball python constricts you.
Unknown command.
You hit the gnoll.
The gnoll is heavily wounded.
You completely miss the ball python. The gnoll hits you with a +4 flail!
The ball python bites you but does no damage.
The ball python constricts you. The gnoll hits you with a +4 flail!
You die...

#⌠._.⌠...
#.#.........
#........
#..........
#⌠.⌠.⌠...
...#.....
#...†...
#..#...!
###.##....
#....S.
#...####.#
#...#r# #.###
#.. #...#g#
##.# ###
#...S@######..#
#....†.......##
#.....########
#....#...#
######...#
#####


You could see a gnoll, 2 ball pythons and a rat.

Vanquished Creatures
  A dart slug (D:1)
  A bat (D:1)
  2 endoplasms (D:1)
  A giant cockroach (D:1)
  A goblin (D:1)
  4 jackals (D:1)
  A kobold (D:1)
  2 ball pythons (D:1)
  A frilled lizard (D:1)
  4 rats (D:1)
18 creatures vanquished.

Notes
Turn   | Place    | Note
-------+----------+-------------------------------------------
     0 | D:1      | Gargoyl the Gargoyle Berserker began the quest for the Orb.
     0 | D:1      | Reached XP level 1. HP: 14/14 MP: 1/1
    77 | D:1      | Reached XP level 2. HP: 18/19 MP: 2/2
   173 | D:1      | Found a faded altar of an unknown god.
   224 | D:1      | Slain by a gnoll

Illustrated notes

Levels and vault maps discovered:
D:1:      mrwooster_arrival_statue_3, layout_rooms,
          hellmonk_ecumenical_altar_run_dry

Skill      XL: |  1  2 |
---------------+-------+-----
Axes           | 3 |  3.1
Dodging        | 2 |  2.0
Fighting       | |  3.6
Armour         | |  2.3

Action                     || total
---------------------------++-------
  Melee: Hand axe          ||    31
 Invoke: Berserk           ||     1
    Use: Scroll            ||     1
 Armour: Animal skin       ||    11
  Dodge: Dodged            ||    24

Table legend: (Time is in decaauts)
 A = Elapsed time spent in this place.
 B = Non-inter-level travel time spent in this place.
 C = Inter-level travel time spent in this place.
 D = Time resting spent in this place.
 E = Time spent auto-exploring this place.
 F = Levels seen in this place.
 G = Mean time per level.
                   A        B        C        D        E       F      G
               +--------+--------+--------+--------+--------+-----+--------+
         Total |    234 |    234 |      0 |      0 |    122 |   1 |  234.0 |
       Dungeon |    234 |    234 |      0 |      0 |    122 |   1 |  234.0 |
               +--------+--------+--------+--------+--------+-----+--------+

Top non-repeatable levels by time:
     D:1: 234 daAuts
